 Dungeon Crawl Stone Soup version 0.17.0-23-g0de4337 (webtiles) character file.

114109 radek the Geomancer (level 16, -5/97 HPs)
             Began as a Gargoyle Earth Elementalist on Nov 9, 2015.
             Was the Champion of Vehumet.
             Killed from afar by a deep elf high priest (31 damage)
             ... with a burst of hellfire
             ... on level 1 of the Elven Halls on Nov 13, 2015.
             The game lasted 07:16:43 (51918 turns).

radek the Geomancer (Gargoyle Earth Elementalist)  Turns: 51918, Time: 07:17:13

Health: -5/97      AC: 21    Str: 18    XL:     16   Next: 65%
Magic:  0/39       EV: 14    Int: 23    God:    Vehumet [******]
Gold:   2414       SH:  5    Dex:  8    Spells: 7 memorised, 3 levels left

rFire  + . .     SeeInvis .     b - +0 lightning rod (7/14)
rCold  x . .     Clarity  .     Q - +2 robe {Archmagi}
rNeg   + . .     SustAt   .     U - +1 buckler {AC+3}
rPois  ∞         Gourm    .     i - +1 hat
rElec  +         Spirit   +     (no cloak)
rCorr  .         Warding  .     v - +0 pair of gloves
rMut   .         Stasis   .     (no boots)
MR     +....                    x - amulet of Evejock {Spirit +Inv rElec rC- Int+2}
Stlth  +++.......               k - ring of stealth
                                S - ring "Etuech" {rPois rF+ MP+9 Str+4 Dex-2}

@: about to teleport, flying, delayed fireball, somewhat resistant to hostile
enchantments, fairly stealthy
A: big wings, negative energy resistance 1, electricity resistance, unbreathing,
petrification resistance, rot immunity, AC +11
a: Stop Flying, Renounce Religion, Release Delayed Fireball, Evoke Invisibility


You were on level 1 of the Elven Halls.
You worshipped Vehumet.
Vehumet was exalted by your worship.
You were very hungry.

You visited 4 branches of the dungeon, and saw 26 of its levels.
You also visited: Sewer and Ossuary.

You collected 2895 gold pieces.
You spent 481 gold pieces at shops.

Inventory:

Hand Weapons
 g - the +7 rapier "Veruuq" {drain, rF- Str+5}
   (You found it on level 10 of the Dungeon)

   A truly terrible weapon, it drains the life of those it strikes.
   It affects your strength (+5).
   It makes you vulnerable to fire.
 F - a +1 flail of protection
Missiles
 a - 303 stones (quivered)
Armour
 i - a +1 hat (worn)
 j - the +0 leather armour "Rosukk" {rC+ Stlth+}
   (You found it on level 7 of the Lair of Beasts)

   It protects you from cold.
   It makes you more stealthy.
 v - a +0 pair of gloves (worn)
 y - a +0 robe of resistance
 Q - a +2 robe of the Archmagi (worn)
 U - a +1 buckler of protection (worn)
Magical Staves
 Y - an uncursed staff of fire
Rods
 b - a +0 lightning rod (7/14) (weapon)
   (You found it on level 6 of the Dungeon)
Jewellery
 k - a ring of stealth (right hand)
 x - the amulet of Evejock (around neck) {Spirit +Inv rElec rC- Int+2}
   (You found it on level 2 of the Lair of Beasts)

   [amulet of guardian spirit]

   It causes incoming damage to be split between your health and magic.
   It affects your intelligence (+2).
   It makes you vulnerable to cold.
   It insulates you from electricity.
   It lets you turn invisible.
 A - an uncursed amulet of faith {unknown}
 S - the ring "Etuech" (left hand) {rPois rF+ MP+9 Str+4 Dex-2}
   (You found it on level 8 of the Lair of Beasts)

   [ring of protection from fire]

   It affects your strength (+4).
   It affects your dexterity (-2).
   It protects you from fire.
   It protects you from poison.
   It affects your magic capacity (+9).
Wands
 t - a wand of lightning (9)
 D - a wand of slowing (30)
 G - a wand of confusion (32)
 I - a wand of paralysis (3)
 L - a wand of flame (19)
Scrolls
 e - a scroll of holy word {unknown}
 h - 5 scrolls of teleportation
 l - 2 scrolls of vulnerability {unknown}
 n - 11 scrolls of identify
 o - 2 scrolls of recharging
 q - 3 scrolls of magic mapping
 w - 12 scrolls of remove curse
Potions
 s - a potion of invisibility {unknown}
 z - 8 potions of curing
 B - a potion of magic {unknown}
 E - a potion of cure mutation
 J - a potion of agility
 K - 2 potions of ambrosia
 M - 2 potions of might
 O - a potion of resistance
 P - 3 potions of haste
 R - a potion of brilliance
Books
 m - a book of Maledictions

   Spells                             Type                      Level
   a - Corona                         Hexes                        1
   b - Ensorcelled Hibernation        Hexes/Ice                    2
   c - Confuse                        Hexes                        3
   d - Tukima's Dance                 Hexes                        3
   e - Dazzling Spray                 Conjuration/Hexes            3
Miscellaneous
 u - a stone of tremors
Comestibles
 c - 4 chunks of flesh
 d - 10 meat rations
 p - 6 beef jerkies
 r - 7 fruits


   Skills:
 + Level 9.9 Fighting
 - Level 8.6 Maces & Flails
 - Level 7.6 Armour
 + Level 7.6 Dodging
 - Level 2.1 Stealth
 * Level 5.3 Shields
 + Level 10.7 Spellcasting
 + Level 11.8 Conjurations
 - Level 7.0 Translocations
   Level 0.7 Transmutations
 * Level 11.5 Fire Magic
 + Level 14.0 Earth Magic
 - Level 3.1 Evocations


You had 3 spell levels left.
You knew the following spells:

 Your Spells              Type           Power        Failure   Level  Hunger
a - Sandblast             Erth           ######       0%          1    None
b - Lee's Rapid Deconstr  Erth           #######...   1%          5    ####...
c - Blink                 Tloc           N/A          1%          2    None
d - Stone Arrow           Conj/Erth      ######       1%          3    None
e - Iron Shot             Conj/Erth      #######...   1%          6    ######.
f - Delayed Fireball      Conj/Fire      N/A          12%         7    #######
g - Fire Storm            Conj/Fire      #######...   100%        9    #######


Dungeon Overview and Level Annotations

Branches:
Dungeon (13/15)              Lair (8/8) D:11         Shoals (0/4) Lair:3
 Spider (0/4) Lair:3        Slime (0/6) Lair:7          Orc (4/4) D:10
    Elf (1/3) Orc:3
 Temple: D:4-7       Vaults: D:13-14

Altars:
Dithmenos
Elyvilon
Gozag
Nemelex Xobeh
Vehumet
Xom
The Shining One
Beogh
Jiyva

Shops:
D:9 [   D:12 *   Orc:4 [(*?

Annotations:
D:4 Sigmund


Innate Abilities, Weirdness & Mutations

You are resistant to torment.
Your stone body is resilient (AC +11).
You are immune to poison.
Your large and strong wings let you fly indefinitely.
You resist negative energy.
You are resistant to electric shocks.
You can survive without breathing.
You are immune to petrification.
You are immune to rotting.


Message History

The deep elf summoner mumbles some strange words.
The Ice Fiend gestures at you. The bolt of cold hits you!
You feel a terrible chill!
* * * LOW HITPOINT WARNING * * *
Drink which item? (? for menu, Esc to quit)
You feel much better.
The deep elf demonologist completely misses you.
The deep elf summoner casts a spell.
The Ice Fiend calls on the powers of darkness!
Your body is wracked with pain!
* * * LOW HITPOINT WARNING * * *
The deep elf demonologist convulses!
The deep elf high priest convulses!
The deep elf summoner convulses!
Casting: Iron Shot
Confirm with . or Enter, or press ? or * to list all spells.
You feel a surge of power!
You blink.
You found a teleport trap!
The deep elf demonologist casts a spell.
The deep elf high priest calls down the wrath of its god upon you.
The hellfire explodes!
The burst of hellfire engulfs you!
You die...

#.'## ###...### ###.##
#...# ##.## ##+## ###.##
#....# ### ### ###
#.###.###88#88#88#.
######)####..'........#D
..........##.'..).....#D
#...##).r#.###..@).#
.#..##..#.r#44e)))$....8
..#...)#.e.§1433..$..^.8
...#..#.rr1.e#4....#.(##
##..##.r##..1)....). .#D
##..##..##.#.'....... #D
...#..#....###88#88#88 .
..#....#...# ##########
.#..##..#..# #.#


You could see an Ice Fiend, a Shadow Fiend, 2 fire dragons, 2 ice dragons, a
deep elf demonologist, a deep elf summoner, a deep elf high priest, a hellwing,
a rust devil, 2 sixfirhies, 2 chaos spawn and a hell rat.

Vanquished Creatures
  Kirke (D:11)
  2 orc warlords (Orc:4)
  A stone giant (Orc:4)
  A deep elf demonologist (Elf:1)
  Snorg (D:13)
  Josephine (D:11)
  2 ogre magi (Orc:4)
  A deep elf high priest (Elf:1)
  Harold (D:11)
  4 catoblepae
  3 hydras
  The ghost of Ijustatesigmund the Covert, a journeyman OpAs of Okawaru (Orc:2)
  The ghost of septik the Basher, a journeyman GrFi of Ru (Lair:3)
  10 death yaks
  Urug (D:10)
  Sonja (D:11)
  Nergalle (Orc:2)
  9 deep elf knights (Elf:1)
  An unseen horror (D:13)
  2 deep trolls (Orc:4)
  5 skeletal warriors (D:12)
  A fire crab (shapeshifter) (Elf:1)
  2 fire crabs
  6 hill giants
  The ghost of 4thArraOfDagon the Chopper, a novice DDFi of Makhleb (D:8)
  7 deep elf summoners (Elf:1)
  5 orc sorcerers
  A necromancer (Lair:3)
  4 deep elf conjurers (Elf:1)
  A griffon (Lair:3)
  A cyclops (Orc:4)
  3 ugly things
  5 orc knights
  4 elephants (Lair:8)
  3 manticores
  10 spiny frogs
  A gargoyle (D:9)
  6 black mambas
  4 fire drakes
  An efreet (D:13)
  8 komodo dragons
  5 deep elf priests (Elf:1)
  A merfolk (D:11)
  A polar bear (Lair:7)
  6 two-headed ogres
  12 trolls
  15 slime creatures
  19 blink frogs
  A boulder beetle (Lair:6)
  A trapdoor spider (D:11)
  8 wraiths
  18 deep elf magi (Elf:1)
  35 yaks
  11 hippogriffs
  7 basilisks
  4 wyverns
  A human (D:11)
  14 deep elf fighters (Elf:1)
  Grum (D:8)
  2 hungry ghosts (D:8)
  A yak (shapeshifter) (Elf:1)
  16 wolves
  7 hogs
  6 wargs
  2 mottled dragons
  12 porcupines
  Duvessa (D:7)
  17 water moccasins
  35 orc warriors
  3 black bears
  4 ice beasts
  37 ogres
  3 sky beasts
  A phantom (D:5)
  A wasp (D:10)
  2 eyes of draining
  A necrophage (D:11)
  14 centaurs
  21 giant frogs
  22 crocodiles
  7 big kobolds
  A brain worm (Lair:6)
  Dowan (D:7)
  5 scorpions
  17 wights
  29 killer bees
  5 electric eels
  A giant frog zombie (D:9)
  7 jellies
  4 lava snakes
  5 crimson imps
  A giant frog skeleton (D:11)
  3 centaur skeletons
  35 orc priests
  A wasp zombie (D:8)
  Crazy Yiuf (D:7)
  9 hounds
  33 orc wizards
  16 worker ants
  A gnoll shaman (D:9)
  6 hell rats (Lair:5)
  12 iguanas
  16 sheep
  A yak simulacrum (Lair:3)
  2 polar bear simulacra (Lair:3)
  5 wolf simulacra (Lair:3)
  A worker ant zombie (D:9)
  A hound skeleton (D:3)
  23 adders
  12 gnolls
  41 river rats
  4 oozes
  An adder zombie (Ossuary)
  3 worms
  5 giant geckos
  277 orcs
  2 ball pythons
  15 bats
  4 giant cockroaches
  7 goblins
  11 hobgoblins
  23 jackals
  3 quokkas
  A giant gecko skeleton (D:6)
  3 giant newts
  A hobgoblin skeleton (Ossuary)
  A jackal skeleton (D:4)
  32 kobolds
  2 kobold zombies (Ossuary)
  An orc skeleton (Ossuary)
  An orc zombie (Ossuary)
  16 rats
  3 river rat simulacra (Lair:3)
  4 crawling corpses (Elf:1)
  A fungus (Lair:2)
  2 plants
1217 creatures vanquished.

Vanquished Creatures (others)
  5 orcs
  A goblin (D:3)
  68 fungi
  23 plants
97 creatures vanquished.

Grand Total: 1314 creatures vanquished

Notes
Turn   | Place    | Note
--------------------------------------------------------------
     0 | D:1      | radek the Gargoyle Earth Elementalist began the quest for the Orb.
     0 | D:1      | Reached XP level 1. HP: 10/10 MP: 3/3
   210 | D:1      | Reached XP level 2. HP: 15/15 MP: 1/5
   265 | D:1      | Reached skill level 4 in Earth Magic
  1298 | D:1      | Reached XP level 3. HP: 11/19 MP: 0/6
  1732 | D:2      | Found a glowing golden altar of the Shining One.
  2033 | D:2      | Reached XP level 4. HP: 24/24 MP: 2/8
  2513 | D:2      | Reached skill level 5 in Earth Magic
  2999 | D:3      | Found a white marble altar of Elyvilon.
  3191 | D:3      | Found a radiant altar of Vehumet.
  3516 | D:3      | Reached XP level 5. HP: 17/28 MP: 8/10
  3608 | D:3      | Became a worshipper of Vehumet
  3671 | D:3      | Learned a level 5 spell: Lee's Rapid Deconstruction
  4312 | D:4      | Noticed Sigmund
  4341 | D:4      | Noticed an ogre
  4597 | D:4      | Reached skill level 6 in Earth Magic
  4675 | D:4      | Noticed an ogre
  4682 | D:4      | Killed an ogre
  4682 | D:4      | Reached XP level 6. HP: 27/32 MP: 4/12
  4940 | D:4      | Reached * piety under Vehumet
  4940 | D:4      | Offered knowledge of Sting by Vehumet.
  4940 | D:4      | Reached skill level 7 in Earth Magic
  4940 | D:4      | Reached XP level 7. HP: 30/36 MP: 9/14
  4974 | D:4      | Reached skill level 5 in Spellcasting
  4984 | D:4      | Killed an ogre
  5137 | D:5      | Entered Level 5 of the Dungeon
  5184 | D:5      | Found a shadowy altar of Dithmenos.
  5294 | D:5      | Found a glowing drain.
  5298 | Sewer    | Entered a sewer
  5312 | Sewer    | Reached skill level 8 in Earth Magic
  5612 | Sewer    | Found a white marble altar of Elyvilon.
  5781 | D:5      | Upgraded the game from 0.17.0-9-g801d43b to 0.17.0-15-g6d90897
  5851 | D:5      | Offered knowledge of Shock by Vehumet.
  5851 | D:5      | Reached XP level 8. HP: 41/41 MP: 14/17
  5940 | D:5      | Reached ** piety under Vehumet
  6582 | D:6      | Reached skill level 1 in Maces & Flails
  6598 | D:6      | Found a sand-covered staircase.
  6609 | Ossuary  | Entered an ossuary
  6644 | Ossuary  | Reached skill level 1 in Fighting
  6644 | Ossuary  | Reached skill level 1 in Armour
  6819 | Ossuary  | Noticed a flying skull
  6825 | Ossuary  | Noticed a flying skull
  6860 | Ossuary  | Noticed a flying skull
  6877 | Ossuary  | Reached skill level 9 in Earth Magic
  7193 | Ossuary  | Reached XP level 9. HP: 24/48 MP: 5/19
  7581 | D:6      | Offered knowledge of Static Discharge by Vehumet.
  8064 | D:6      | Reached *** piety under Vehumet
  8395 | D:6      | Found a sparkling altar of Nemelex Xobeh.
  8795 | D:7      | Offered knowledge of Airstrike by Vehumet.
  9045 | D:7      | Found a shimmering altar of Xom.
  9061 | D:7      | Noticed Duvessa
  9134 | D:7      | Noticed Dowan
  9153 | D:7      | Killed Duvessa
  9322 | D:7      | Killed Dowan
  9322 | D:7      | Reached skill level 5 in Maces & Flails
  9333 | D:7      | Reached **** piety under Vehumet
  9391 | D:7      | Reached XP level 10. HP: 56/56 MP: 20/20
  9834 | D:7      | Noticed Crazy Yiuf
  9842 | D:7      | Killed Crazy Yiuf
 10272 | D:8      | Reached skill level 10 in Earth Magic
 10361 | D:8      | Noticed Grum
 10593 | D:8      | Killed Grum
 10593 | D:8      | Offered knowledge of Force Lance by Vehumet.
 10989 | D:8      | Found Taez's Food Boutique.
 11245 | D:8      | Noticed 4thArraOfDagon's ghost (novice DDFi)
 11254 | D:8      | Killed 4thArraOfDagon's ghost
 11254 | D:8      | Reached skill level 5 in Fighting
 11377 | D:8      | Reached skill level 5 in Armour
 12308 | D:9      | Found Kiworeaxt's Armour Boutique.
 12600 | D:9      | Reached XP level 11. HP: 64/64 MP: 18/23
 12615 | D:9      | Reached ***** piety under Vehumet
 12768 | D:9      | Offered knowledge of Fulminant Prism by Vehumet.
 14108 | D:10     | Entered Level 10 of the Dungeon
 14302 | D:10     | Found a roughly hewn altar of Beogh.
 14302 | D:10     | Noticed an orc knight
 14308 | D:10     | Killed an orc knight
 14308 | D:10     | Reached skill level 1 in Evocations
 14553 | D:10     | Found a staircase to the Orcish Mines.
 14630 | D:10     | Got an ancient rapier
 14631 | D:10     | Identified the +7 rapier "Veruuq" {drain, rF- Str+5} (You found it on level 10 of the Dungeon)
 14804 | D:10     | Noticed a hill giant
 14809 | D:10     | Killed a hill giant
 14824 | D:10     | Noticed a hill giant
 14832 | D:10     | Killed a hill giant
 14974 | D:10     | Learned a level 2 spell: Blink
 14996 | D:10     | Reached skill level 5 in Dodging
 15257 | D:10     | Reached skill level 1 in Translocations
 15274 | D:10     | Noticed Urug
 15283 | D:10     | Killed Urug
 15298 | D:10     | Reached skill level 11 in Earth Magic
 15612 | D:11     | Noticed Josephine
 15621 | D:11     | Killed Josephine
 15777 | D:10     | HP: 1/64 [red ugly thing (15)]
 15791 | D:10     | Reached XP level 12. HP: 16/70 MP: 24/24
 16098 | D:11     | Noticed Harold
 16101 | D:11     | Killed Harold
 16253 | D:10     | Noticed a hill giant
 16262 | D:10     | Killed a hill giant
 16448 | D:11     | Noticed Sonja
 16472 | D:10     | Learned a level 3 spell: Stone Arrow
 16553 | D:11     | Offered knowledge of Poisonous Cloud by Vehumet.
 16607 | D:11     | Found a staircase to the Lair.
 16748 | D:11     | Found an opulent altar of Gozag.
 16759 | D:11     | Reached skill level 1 in Conjurations
 17172 | D:11     | Killed Sonja
 17752 | D:12     | Noticed Kirke
 18113 | D:12     | Reached skill level 5 in Conjurations
 18385 | D:12     | Reached skill level 5 in Translocations
 18582 | D:12     | Found Uwem's Assorted Antiques.
 20173 | D:12     | Reached XP level 13. HP: 13/75 MP: 2/25
 21032 | Orc:1    | Entered Level 1 of the Orcish Mines
 21512 | Orc:1    | Found a roughly hewn altar of Beogh.
 22017 | Orc:2    | Offered knowledge of Ozocubu's Refrigeration by Vehumet.
 22994 | Orc:3    | Found a roughly hewn altar of Beogh.
 23532 | Orc:3    | Found a staircase to the Elven Halls.
 23780 | Orc:4    | Entered Level 4 of the Orcish Mines
 25179 | Orc:4    | Offered knowledge of Iron Shot by Vehumet.
 25191 | Orc:4    | Learned a level 6 spell: Iron Shot
 25362 | Orc:4    | Noticed an orc warlord
 25780 | Orc:4    | Noticed an orc warlord
 26194 | Orc:2    | Noticed Ijustatesigmund's ghost (journeyman OpAs)
 26478 | Orc:1    | Offered knowledge of Poison Arrow by Vehumet.
 27266 | Orc:2    | Noticed Nergalle
 27379 | Orc:2    | Killed Nergalle
 28124 | Orc:2    | Killed Ijustatesigmund's ghost
 28124 | Orc:2    | Reached skill level 10 in Conjurations
 29319 | Orc:4    | Noticed a stone giant
 29858 | Elf:1    | Entered Level 1 of the Elven Halls
 30165 | Elf:1    | Offered knowledge of Delayed Fireball by Vehumet.
 30181 | Elf:1    | Noticed a deep elf demonologist
 30327 | Elf:1    | Learned a level 7 spell: Delayed Fireball
 30805 | D:12     | Reached skill level 1 in Fire Magic
 30940 | D:12     | HP: 1/76 [skeletal warrior/war axe (10)]
 31485 | D:12     | Gained mutation: Your large and strong wings let you fly indefinitely. [Gargoyle growth]
 31485 | D:12     | Reached XP level 14. HP: 82/82 MP: 16/27
 31923 | D:12     | Reached skill level 5 in Fire Magic
 32351 | D:13     | Noticed Snorg
 32361 | D:13     | HP: 1/82 [Snorg (24)]
 32369 | D:13     | Killed Snorg
 32986 | D:8      | Bought a meat ration for 55 gold pieces
 32986 | D:8      | Bought a slice of pizza for 16 gold pieces
 32986 | D:8      | Bought a beef jerky for 16 gold pieces
 32986 | D:8      | Bought a bread ration for 55 gold pieces
 32986 | D:8      | Bought a meat ration for 55 gold pieces
 32986 | D:8      | Bought a beef jerky for 16 gold pieces
 32986 | D:8      | Bought a beef jerky for 16 gold pieces
 32986 | D:8      | Bought a beef jerky for 16 gold pieces
 32986 | D:8      | Bought a beef jerky for 16 gold pieces
 32986 | D:8      | Bought a meat ration for 55 gold pieces
 32986 | D:8      | Bought a meat ration for 55 gold pieces
 32986 | D:8      | Bought a meat ration for 55 gold pieces
 32986 | D:8      | Bought a meat ration for 55 gold pieces
 32988 | D:8      | Upgraded the game from 0.17.0-15-g6d90897 to 0.17.0-18-gaab0e96
 34297 | D:11     | Killed Kirke
 34420 | Lair:1   | Entered Level 1 of the Lair of Beasts
 36173 | Lair:2   | Got a transparent graven amulet
 36178 | Lair:2   | Identified the amulet of Evejock {Spirit +Inv rElec rC- Int+2} (You found it on level 2 of the Lair of Beasts)
 36418 | Lair:2   | Offered knowledge of Conjure Ball Lightning by Vehumet.
 36705 | Lair:2   | Reached skill level 12 in Earth Magic
 38337 | Lair:3   | Noticed septik's ghost (journeyman GrFi)
 38580 | Lair:3   | Found a staircase to the Shoals.
 38615 | Lair:3   | Found a hole to the Spider Nest.
 39054 | Lair:3   | Killed septik's ghost
 41678 | Lair:5   | Reached ****** piety under Vehumet
 41680 | Lair:5   | Reached XP level 15. HP: 67/88 MP: 6/28
 41886 | Lair:5   | Offered knowledge of Fire Storm by Vehumet.
 41886 | Lair:5   | Offered knowledge of Shatter by Vehumet.
 41886 | Lair:5   | Offered knowledge of Tornado by Vehumet.
 42039 | Lair:5   | Upgraded the game from 0.17.0-18-gaab0e96 to 0.17.0-22-g5edae84
 42046 | Lair:6   | Reached skill level 13 in Earth Magic
 42131 | Lair:6   | Learned a level 9 spell: Fire Storm
 44324 | Lair:7   | Found a staircase to the Slime Pits.
 44325 | Lair:7   | Found a viscous altar of Jiyva.
 44806 | Lair:7   | Got a polished leather armour
 44817 | Lair:7   | Identified the cursed +0 leather armour "Rosukk" {rC+ Stlth+} (You found it on level 7 of the Lair of Beasts)
 45406 | Lair:8   | Entered Level 8 of the Lair of Beasts
 46021 | Lair:8   | Reached skill level 10 in Fire Magic
 46381 | Lair:8   | Reached skill level 10 in Spellcasting
 47729 | Lair:8   | Got a steaming wooden ring
 47813 | Lair:7   | Identified the ring "Etuech" {rPois rF+ MP+9 Str+4 Dex-2} (You found it on level 8 of the Lair of Beasts)
 47961 | Lair:2   | Upgraded the game from 0.17.0-22-g5edae84 to 0.17.0-23-g0de4337
 48190 | Orc:4    | Killed a stone giant
 48335 | Orc:4    | Reached skill level 1 in Shields
 48343 | Orc:4    | Killed an orc warlord
 48467 | Orc:4    | Reached XP level 16. HP: 58/96 MP: 6/30
 48845 | Orc:4    | Noticed an orc warlord
 48857 | Orc:4    | Killed an orc warlord
 49485 | Orc:4    | Found Ytateduemu's Weapon Shop.
 49487 | Orc:4    | Found Tiris's Magic Scroll Shop.
 49491 | Orc:4    | Found Oteyg's Antique Armour Shoppe.
 49500 | Orc:4    | Found Mevan's Assorted Antiques.
 50854 | Elf:1    | Killed a deep elf demonologist
 51906 | Elf:1    | Noticed a deep elf demonologist
 51906 | Elf:1    | Reached skill level 5 in Shields
 51907 | Elf:1    | Noticed an Ice Fiend
 51911 | Elf:1    | Reached skill level 14 in Earth Magic
 51916 | Elf:1    | Noticed an Ice Fiend
 51918 | Elf:1    | Killed from afar by a deep elf high priest

Action                   |  1- 3 |  4- 6 |  7- 9 | 10-12 | 13-15 | 16-18 || total
-------------------------+-------+-------+-------+-------+-------+-------++-------
Melee: Unarmed           |    19 |       |       |       |       |       ||    19
       Dagger            |    28 |     5 |       |       |       |       ||    33
       Mace              |       |       |    60 |       |       |       ||    60
       Flail             |       |       |     9 |       |    59 |       ||    68
       Club              |       |       |       |    12 |       |       ||    12
       Rapier            |       |       |       |    59 |   653 |   159 ||   871
       Rod               |       |       |       |       |    38 |       ||    38
 Cast: Sandblast         |    70 |   125 |   233 |   577 |   112 |    11 ||  1128
       Lee's Rapid Decon |       |       |    11 |    42 |    90 |    16 ||   159
       Blink             |       |       |       |     7 |    14 |     1 ||    22
       Stone Arrow       |       |       |       |    59 |   469 |     6 ||   534
       Iron Shot         |       |       |       |       |   176 |    59 ||   235
       Delayed Fireball  |       |       |       |       |     3 |       ||     3
 Abil: Release Delayed F |       |       |       |       |     2 |       ||     2
       Fly               |       |       |       |       |     1 |       ||     1
Evoke: Rod               |       |       |    26 |    58 |    87 |     7 ||   178
       Wand              |       |       |       |       |     8 |       ||     8
  Use: Potion            |       |       |     8 |     4 |     7 |     1 ||    20
       Scroll            |       |       |     5 |     6 |    22 |     1 ||    34
 Stab: Sleeping          |       |       |       |       |     2 |     3 ||     5
       Petrified         |       |       |       |       |     2 |       ||     2
       Distracted        |       |       |       |       |       |     1 ||     1
  Eat: Chunk             |     4 |     9 |     8 |    16 |    96 |    27 ||   160
       Bread ration      |       |       |     2 |     6 |     6 |       ||    14
       Meat ration       |       |       |     1 |       |     7 |     1 ||     9
       Royal jelly       |       |       |       |     2 |     1 |       ||     3
       Fruit             |       |       |       |       |     7 |     1 ||     8
       Beef jerky        |       |       |       |       |     4 |       ||     4
       Pizza             |       |       |       |       |     2 |       ||     2
